Thunderbirds vs Comets
Created - May 11, 2025 at 10:59
Goals
|
| Thunderbirds |
0 |
1 |
1 |
2 |
| Comets |
0 |
1 |
2 |
3 |
|
Shots
|
| Thunderbirds |
5 |
12 |
13 |
30 |
| Comets |
14 |
17 |
13 |
44 |
|
1st period
No Goal
Penalties :
Henri Jokiharju (Spr) for Interference (Minor) at 12:49
2nd period
1. Comets , Cristiano Digiacinto 6 (Vincent Desharnais 13, David Kase 8) at 5:28
2. Thunderbirds , Pierre Engvall 13 (Joachim Blichfeld 54, Jeremy Lauzon 47) at 16:27
Penalties :
Brett Seney (Uti) for Holding (Minor) at 0:15, Frederic Allard (Spr) for Holding (Minor) at 18:09
3rd period
3. Comets , Joonas Donskoi 39 (Brett Seney 50) at 6:14 (PP)
4. Comets , Nikita Nesterenko 6 (David Kase 9, Cristiano Digiacinto 8) at 13:41
5. Thunderbirds , Trey Fix-Wolansky 18 (Jeremy Lauzon 48) at 14:52
Penalties :
Michael Rasmussen (Spr) for Hooking (Minor) at 6:12, Joonas Donskoi (Uti) for Slashing (Minor) at 17:12, Marc-André Fleury (Spr) for Delaying the game (Minor) at 19:44 - Joachim Blichfeld served the penalty
Goalie Stats
Marc-André Fleury (Spr), 41 saves from 44 shots - (0.932), L, 4-6-0, 60:00 minutes
Akira Schmid (Uti), 28 saves from 30 shots - (0.933), W, 13-9-0, 60:00 minutes
Players Stats for Thunderbirds
Player Name G A P +/- PIM S H SB GA TA FO MP PP MP PK MP
------------------------------------------------------------------------------------
0 0 0 0 0 0 0 0 0 0 0/0 0:00 0:00 0:00
0 0 0 0 0 0 0 0 0 0 0/0 0:00 0:00 0:00
0 0 0 0 0 0 0 0 0 0 0/0 0:00 0:00 0:00
0 0 0 0 0 0 0 0 0 0 0/0 0:00 0:00 0:00
0 0 0 0 0 0 0 0 0 0 0/0 0:00 0:00 0:00
0 0 0 0 0 0 0 0 0 0 0/0 0:00 0:00 0:00
0 0 0 0 0 0 0 0 0 0 0/0 0:00 0:00 0:00
Anthony Richard 0 0 0 -1 0 2 4 0 0 0 4/10 17:14 1:49 1:03
Artturi Lehkonen 0 0 0 -1 0 0 0 0 2 2 0/0 12:46 0:00 0:46
Dylan Blujus 0 0 0 -2 0 1 1 1 0 1 0/0 23:24 0:42 2:34
Dylan Sikura 0 0 0 -1 0 2 3 4 1 2 0/0 14:50 0:00 0:57
Emil Bemstrom 0 0 0 -1 0 2 0 0 1 0 0/0 13:44 1:49 0:00
Frederic Allard 0 0 0 2 2 3 0 0 0 0 0/0 21:58 0:00 1:09
Henri Jokiharju 0 0 0 0 2 0 0 1 0 0 0/0 11:06 0:43 0:00
Jeremy Lauzon 0 2 2 2 0 1 2 0 0 0 0/0 28:37 2:11 2:29
Joachim Blichfeld 0 1 1 1 0 6 3 0 1 0 0/1 18:57 2:09 0:00
Matt Roy 0 0 0 -2 0 0 0 1 0 0 0/0 18:59 1:47 1:33
Michael Rasmussen 0 0 0 -1 2 2 3 0 1 0 0/0 15:41 2:09 0:00
Noah Gregor 0 0 0 -1 0 1 0 1 0 0 7/12 15:18 0:00 2:19
Paul Cotter 0 0 0 1 0 0 1 0 0 0 0/0 8:09 0:00 0:00
Pierre Engvall 1 0 1 1 0 3 0 0 0 0 0/0 22:23 1:49 2:29
Rasmus Kupari 0 0 0 1 0 1 0 0 0 0 1/2 8:09 0:00 0:00
Rourke Chartier 0 0 0 1 0 4 0 0 0 0 15/30 18:57 2:09 0:00
Sami Niku 0 0 0 0 0 1 0 1 0 0 0/0 16:25 2:33 0:45
Trey Fix-Wolansky 1 0 1 1 0 1 1 0 1 0 0/0 9:05 0:00 0:56
Players Stats for Comets
Player Name G A P +/- PIM S H SB GA TA FO MP PP MP PK MP
------------------------------------------------------------------------------------
0 0 0 0 0 0 0 0 0 0 0/0 0:00 0:00 0:00
0 0 0 0 0 0 0 0 0 0 0/0 0:00 0:00 0:00
0 0 0 0 0 0 0 0 0 0 0/0 0:00 0:00 0:00
0 0 0 0 0 0 0 0 0 0 0/0 0:00 0:00 0:00
0 0 0 0 0 0 0 0 0 0 0/0 0:00 0:00 0:00
0 0 0 0 0 0 0 0 0 0 0/0 0:00 0:00 0:00
Alexandre Texier 0 0 0 0 0 1 1 0 0 1 0/0 11:18 0:00 0:00
Brett Howden 0 0 0 0 0 4 1 0 1 0 3/6 16:55 1:21 1:21
Brett Seney 0 1 1 -2 2 4 2 0 1 0 17/32 21:24 2:54 0:12
Christian Wolanin 0 0 0 0 0 4 1 1 0 0 0/0 23:58 1:56 1:49
Conor Garland 0 0 0 0 0 2 0 0 1 1 1/2 16:04 1:21 0:00
Cristiano Digiacinto 1 1 2 2 0 2 0 0 0 0 0/1 10:00 0:00 2:03
David Kase 0 2 2 2 0 1 0 0 0 0 0/0 7:57 0:00 0:00
Eeli Tolvanen 0 0 0 0 0 4 0 0 0 0 1/1 11:18 0:00 0:00
Filip Roos 0 0 0 1 0 1 1 1 0 0 0/0 12:02 0:00 0:00
Ilya Lyubushkin 0 0 0 0 0 3 2 1 0 1 0/0 28:22 1:56 1:49
Jake Bean 0 0 0 -1 0 0 0 1 0 0 0/0 19:36 2:19 2:09
Jonathan Kovacevic 0 0 0 0 0 0 0 0 0 1 0/0 4:37 0:00 0:00
Joonas Donskoi 1 0 1 -2 2 7 3 1 1 0 0/0 20:24 2:54 0:00
Mason Marchment 0 0 0 0 0 2 0 0 0 0 1/1 17:13 1:21 1:21
Nicolas Roy 0 0 0 0 0 3 1 0 1 0 4/7 13:20 0:00 2:02
Nikita Nesterenko 1 0 1 2 0 1 0 0 0 0 1/4 8:02 0:00 0:05
Valeri Nichushkin 0 0 0 -2 0 3 1 0 0 0 0/1 22:05 2:54 0:52
Vincent Desharnais 0 1 1 1 0 1 0 1 0 2 0/0 11:49 0:00 0:00
Wyatt Kalynuk 0 0 0 -1 0 1 1 2 0 1 0/0 19:36 2:19 2:09
3 Stars
1 - Cristiano Digiacinto (Uti)
2 - Jeremy Lauzon (Spr)
3 - David Kase (Uti)
Power Play
Thunderbirds - 0 on 2 Attempt(s) - 0.00%
Comets - 1 on 4 Attempt(s) - 25.00%
Penalty Kill
Thunderbirds - 3 on 4 Attempt(s) - 75.00%
- Score 0 goal in Penalty Kill
Comets - 2 on 2 Attempt(s) - 100.00%
- Score 0 goal in Penalty Kill
Team Stat
Thunderbirds - Hits : 18 - Faceoff Wins : 27 - Blocked Shots : 9 - Penalty Minutes : 8
Comets - Hits : 14 - Faceoff Wins : 28 - Blocked Shots : 8 - Penalty Minutes : 4
Official
Referees : Kyle Rehman and Brandon Schrader
Linesman : Scott Cherrey and Steve Barton
Game Notes
Henri Jokiharju is injured at 13:53 of 2nd period (Bruised Left Shoulder)
Finance
Level 1 -- Attendance: 1933 (96.65%) -- Ticket Income $135,310
Level 2 -- Attendance: 979 (97.90%) -- Ticket Income $39,160
Total Attendance: 2912 (97.07%)
Total Ticket Income: $174,470
Other Income: $8,724
Total Income: $183,194
Thunderbirds
5 vs 5 Forward
Center Left Wing Right Wing Time % Phy DF OF
1 Rourke Chartier Pierre Engvall Joachim Blichfeld 40 1 2 2
2 Anthony Richard Michael Rasmussen Dylan Sikura 30 1 2 2
3 Noah Gregor Artturi Lehkonen Emil Bemstrom 20 1 2 2
4 Rasmus Kupari Paul Cotter Trey Fix-Wolansky 10 1 2 2
5 vs 5 Defense
Defense Defense Time % Phy DF OF
1 Jeremy Lauzon Henri Jokiharju 40 1 2 2
2 Dylan Blujus Matt Roy 30 1 2 2
3 Frederic Allard Sami Niku 20 1 2 2
4 Jeremy Lauzon Dylan Blujus 10 1 2 2
PowerPlay Forward
Center Left Wing Right Wing Time % Phy DF OF
1 Rourke Chartier Michael Rasmussen Joachim Blichfeld 60 1 2 2
2 Anthony Richard Pierre Engvall Emil Bemstrom 40 1 2 2
PowerPlay Defense
Defense Defense Time % Phy DF OF
1 Sami Niku Jeremy Lauzon 60 1 2 2
2 Matt Roy Henri Jokiharju 40 1 2 2
Penalty Kill 4 Players Forward
Center Wing Time % Phy DF OF
1 Noah Gregor Pierre Engvall 60 1 2 2
2 Anthony Richard Dylan Sikura 40 1 2 2
Penalty Kill 4 Players Defense
Defense Defense Time % Phy DF OF
1 Henri Jokiharju Jeremy Lauzon 60 1 2 2
2 Dylan Blujus Frederic Allard 40 1 2 2
Penalty Kill - 3 Players Forward
Forward Time % Phy DF OF
1 Noah Gregor 60 1 2 2
2 Anthony Richard 40 1 2 2
Penalty Kill - 3 Players Defense
Defense Defense Time % Phy DF OF
1 Dylan Blujus Henri Jokiharju 60 1 2 2
2 Jeremy Lauzon Frederic Allard 40 1 2 2
4 vs 4 Forward
Center Wing Time % Phy DF OF
1 Rourke Chartier Michael Rasmussen 60 1 2 2
2 Anthony Richard Pierre Engvall 40 1 2 2
4 vs 4 Defense
Defense Defense Time % Phy DF OF
1 Henri Jokiharju Dylan Blujus 60 1 2 2
2 Matt Roy Jeremy Lauzon 40 1 2 2
Last Minutes Offensive
Center Left Wing Right Wing Defense Defense
Rourke Chartier Pierre Engvall Joachim Blichfeld Jeremy Lauzon Sami Niku
Last Minutes Defensive
Center Left Wing Right Wing Defense Defense
Noah Gregor Artturi Lehkonen Pierre Engvall Henri Jokiharju Frederic Allard
Goaltenders
Starting : Marc-André Fleury
Backup : Emil Larmi
Extra Forwards
Normal : Rasmus Kupari, Dylan Sikura, Trey Fix-Wolansky - PP : Noah Gregor, Artturi Lehkonen - PK : Trey Fix-Wolansky
Extra Defensemen
Normal : Frederic Allard, Sami Niku, Jeremy Lauzon - PP : Sami Niku - PK : Frederic Allard, Dylan Blujus
Penalty Shots
Rourke Chartier, Anthony Richard, Joachim Blichfeld, Trey Fix-Wolansky, Rasmus Kupari
Custom OT Lines Forwards
Rourke Chartier, Pierre Engvall, Dylan Sikura, Joachim Blichfeld, Anthony Richard, Noah Gregor, Artturi Lehkonen, Michael Rasmussen, Emil Bemstrom, Paul Cotter
Custom OT Lines Defensemen
Jeremy Lauzon, Henri Jokiharju, Dylan Blujus, Frederic Allard, Matt Roy
Scratches
Nathan Smith (Healthy), Calen Addison (Healthy), Jared McIsaac (Healthy), Alex Vlasic (Healthy), Jakob Pelletier (Healthy)
Nicholas Robertson (Healthy), Arturs Silovs (Healthy)
Comets
5 vs 5 Forward
Center Left Wing Right Wing Time % Phy DF OF
1 Brett Seney Valeri Nichushkin Joonas Donskoi 40 0 2 3
2 Brett Howden Mason Marchment Conor Garland 30 0 2 3
3 Nicolas Roy Eeli Tolvanen Alexandre Texier 20 0 2 3
4 Nikita Nesterenko Cristiano Digiacinto David Kase 10 1 2 2
5 vs 5 Defense
Defense Defense Time % Phy DF OF
1 Ilya Lyubushkin Christian Wolanin 40 0 3 2
2 Jake Bean Wyatt Kalynuk 30 0 3 2
3 Filip Roos Vincent Desharnais 20 0 3 2
4 Jonathan Kovacevic Ilya Lyubushkin 10 0 3 2
PowerPlay Forward
Center Left Wing Right Wing Time % Phy DF OF
1 Brett Seney Valeri Nichushkin Joonas Donskoi 60 0 1 4
2 Brett Howden Mason Marchment Conor Garland 40 0 1 4
PowerPlay Defense
Defense Defense Time % Phy DF OF
1 Ilya Lyubushkin Christian Wolanin 60 0 2 3
2 Jake Bean Wyatt Kalynuk 40 0 2 3
Penalty Kill 4 Players Forward
Center Wing Time % Phy DF OF
1 Nicolas Roy Cristiano Digiacinto 60 1 3 1
2 Brett Howden Mason Marchment 40 1 3 1
Penalty Kill 4 Players Defense
Defense Defense Time % Phy DF OF
1 Ilya Lyubushkin Christian Wolanin 60 1 4 0
2 Jake Bean Wyatt Kalynuk 40 1 4 0
Penalty Kill - 3 Players Forward
Forward Time % Phy DF OF
1 Brett Seney 60 1 2 2
2 Brett Howden 40 1 2 2
Penalty Kill - 3 Players Defense
Defense Defense Time % Phy DF OF
1 Ilya Lyubushkin Christian Wolanin 60 1 2 2
2 Jake Bean Wyatt Kalynuk 40 1 2 2
4 vs 4 Forward
Center Wing Time % Phy DF OF
1 Brett Seney Valeri Nichushkin 60 1 2 2
2 Brett Howden Mason Marchment 40 1 2 2
4 vs 4 Defense
Defense Defense Time % Phy DF OF
1 Ilya Lyubushkin Christian Wolanin 60 1 2 2
2 Jake Bean Wyatt Kalynuk 40 1 2 2
Last Minutes Offensive
Center Left Wing Right Wing Defense Defense
Brett Seney Valeri Nichushkin Joonas Donskoi Ilya Lyubushkin Christian Wolanin
Last Minutes Defensive
Center Left Wing Right Wing Defense Defense
Brett Seney Valeri Nichushkin Conor Garland Ilya Lyubushkin Christian Wolanin
Goaltenders
Starting : Akira Schmid
Backup : Juuse Saros
Extra Forwards
Normal : Alexandre Texier, Eeli Tolvanen, Cristiano Digiacinto - PP : Alexandre Texier, Eeli Tolvanen - PK : Mason Marchment
Extra Defensemen
Normal : Filip Roos, Vincent Desharnais, Jonathan Kovacevic - PP : Filip Roos - PK : Filip Roos, Vincent Desharnais
Penalty Shots
Valeri Nichushkin, Conor Garland, Brett Seney, Joonas Donskoi, Mason Marchment
Custom OT Lines Forwards
Valeri Nichushkin, Conor Garland, Brett Seney, Joonas Donskoi, Mason Marchment, Brett Howden, Alexandre Texier, Eeli Tolvanen, Nicolas Roy, David Kase
Custom OT Lines Defensemen
Ilya Lyubushkin, Christian Wolanin, Jake Bean, Wyatt Kalynuk, Vincent Desharnais
Scratches
John Hayden (Healthy), Marcus Bjork (Back Injury), Alex Turcotte (Healthy), Graeme Clarke (Healthy)
% Time on Ice - Thunderbirds
Lines # - Real PCT - Wanted PCT - Time Play
Normal Forward
1 - 34% - 40% - 17:17
2 - 27% - 30% - 13:48
3 - 23% - 20% - 12:00
4 - 16% - 10% - 8:09
Normal Defense
1 - 44% - 40% - 22:21
2 - 31% - 30% - 15:39
3 - 21% - 20% - 10:52
4 - 5% - 10% - 2:22
PP Forward
1 - 54% - 60% - 2:09
2 - 46% - 40% - 1:49
PP Defense
1 - 55% - 60% - 2:11
2 - 45% - 40% - 1:47
PK Forward
1 - 78% - 60% - 3:18
2 - 22% - 40% - 0:57
PK Defense
1 - 80% - 60% - 3:23
2 - 20% - 40% - 0:52
PK3 Forward
1 - 0% - 60%
2 - 0% - 40%
PK3 Defense
1 - 0% - 60%
2 - 0% - 40%
44 Forward
1 - 0% - 60%
2 - 0% - 40%
44 Defense
1 - 0% - 60%
2 - 0% - 40%
Last Minute Offensive - 0:33
Last Minute Defensive - 0:00
Total
Forward - 60:00
Defense - 60:00
|
% Time on Ice - Comets
Lines # - Real PCT - Wanted PCT - Time Play
Normal Forward
1 - 35% - 40% - 17:49
2 - 28% - 30% - 14:13
3 - 22% - 20% - 11:18
4 - 16% - 10% - 7:57
Normal Defense
1 - 38% - 40% - 19:43
2 - 30% - 30% - 15:08
3 - 23% - 20% - 11:49
4 - 9% - 10% - 4:37
PP Forward
1 - 68% - 60% - 2:54
2 - 32% - 40% - 1:21
PP Defense
1 - 45% - 60% - 1:56
2 - 55% - 40% - 2:19
PK Forward
1 - 79% - 60% - 3:08
2 - 21% - 40% - 0:50
PK Defense
1 - 46% - 60% - 1:49
2 - 54% - 40% - 2:09
PK3 Forward
1 - 0% - 60%
2 - 0% - 40%
PK3 Defense
1 - 0% - 60%
2 - 0% - 40%
44 Forward
1 - 0% - 60%
2 - 0% - 40%
44 Defense
1 - 0% - 60%
2 - 0% - 40%
Last Minute Offensive - 0:00
Last Minute Defensive - 0:30
Total
Forward - 60:00
Defense - 60:00
|
Play-by-Play
1st period
0:01 of 1st period - Brett Seney wins face-off versus Rourke Chartier in neutral zone.
0:04 of 1st period - Slapshot by Christian Wolanin.
0:04 of 1st period - Shot Misses the Net.
0:19 of 1st period - Christian Wolanin is hit by Joachim Blichfeld and loses puck.
1:45 of 1st period - Wrist shot by Brett Seney.
1:45 of 1st period - Stopped by Marc-André Fleury without a rebound.
1:46 of 1st period - Brett Howden wins face-off versus Anthony Richard in Thunderbirds zone.
1:47 of 1st period - Wrist shot by Conor Garland.
1:47 of 1st period - Shot Misses the Net.
1:49 of 1st period - Backhand shot by Brett Howden.
1:49 of 1st period - Stopped by Marc-André Fleury with a rebound.
2:43 of 1st period - Wrist shot by Trey Fix-Wolansky.
2:43 of 1st period - Shot Misses the Net.
3:00 of 1st period - Anthony Richard is hit by Brett Howden and loses puck.
3:20 of 1st period - Slapshot by Conor Garland.
3:20 of 1st period - Shot Misses the Net.
3:22 of 1st period - Snap shot by Brett Howden.
3:22 of 1st period - Stopped by Marc-André Fleury without a rebound.
3:23 of 1st period - Eeli Tolvanen wins face-off versus Rourke Chartier in Thunderbirds zone.
4:08 of 1st period - Slapshot by Dylan Blujus.
4:08 of 1st period - Stopped by Akira Schmid with a rebound.
4:25 of 1st period - Off-side.
4:26 of 1st period - Nicolas Roy wins face-off versus Anthony Richard in neutral zone.
4:29 of 1st period - Snap shot by Eeli Tolvanen.
4:29 of 1st period - Stopped by Marc-André Fleury with a rebound.
4:53 of 1st period - Wyatt Kalynuk is hit by Jeremy Lauzon and loses puck.
5:12 of 1st period - Trey Fix-Wolansky is hit by Joonas Donskoi and loses puck.
5:19 of 1st period - Wrist shot by Joonas Donskoi.
5:19 of 1st period - Shot Blocked by Sami Niku.
5:37 of 1st period - Slapshot by Ilya Lyubushkin.
5:37 of 1st period - Stopped by Marc-André Fleury with a rebound.
6:43 of 1st period - Wrist shot by Trey Fix-Wolansky.
6:43 of 1st period - Shot Misses the Net.
7:19 of 1st period - Anthony Richard is hit by Nicolas Roy and loses puck.
8:20 of 1st period - Wrist shot by Rourke Chartier.
8:20 of 1st period - Shot Misses the Net.
8:22 of 1st period - Slapshot by Frederic Allard.
8:22 of 1st period - Stopped by Akira Schmid without a rebound.
8:23 of 1st period - Brett Howden wins face-off versus Rasmus Kupari in Comets zone.
8:38 of 1st period - Backhand shot by Conor Garland.
8:38 of 1st period - Stopped by Marc-André Fleury without a rebound.
8:39 of 1st period - Rourke Chartier wins face-off versus Brett Seney in Thunderbirds zone.
9:07 of 1st period - Snap shot by Brett Howden.
9:07 of 1st period - Deflect By Mason Marchment.
9:07 of 1st period - Stopped by Marc-André Fleury with a rebound.
9:09 of 1st period - Snap shot by Brett Howden.
9:09 of 1st period - Stopped by Marc-André Fleury with a rebound.
9:36 of 1st period - Off-side.
9:37 of 1st period - Brett Seney wins face-off versus Rourke Chartier in neutral zone.
10:03 of 1st period - Brett Howden is hit by Dylan Sikura and loses puck.
12:49 of 1st period - Minor Penalty to Henri Jokiharju for Interference.
12:50 of 1st period - Brett Seney wins face-off versus Noah Gregor in Thunderbirds zone.
14:49 of 1st period - Penalty to Henri Jokiharju is over, Henri Jokiharju is back on ice.
15:01 of 1st period - Snap shot by Anthony Richard.
15:01 of 1st period - Shot Blocked by Vincent Desharnais.
15:11 of 1st period - Slapshot by Eeli Tolvanen.
15:11 of 1st period - Stopped by Marc-André Fleury with a rebound.
15:35 of 1st period - Wrist shot by Noah Gregor.
15:35 of 1st period - Stopped by Akira Schmid without a rebound.
15:36 of 1st period - Noah Gregor wins face-off versus Nikita Nesterenko in Comets zone.
16:13 of 1st period - Snap shot by Joonas Donskoi.
16:13 of 1st period - Stopped by Marc-André Fleury with a rebound.
16:15 of 1st period - Snap shot by Joonas Donskoi.
16:15 of 1st period - Shot Misses the Net.
16:17 of 1st period - Wrist shot by Filip Roos.
16:17 of 1st period - Stopped by Marc-André Fleury with a rebound.
16:19 of 1st period - Slapshot by Ilya Lyubushkin.
16:19 of 1st period - Shot Blocked by Henri Jokiharju.
16:21 of 1st period - Snap shot by Joonas Donskoi.
16:21 of 1st period - Stopped by Marc-André Fleury without a rebound.
16:22 of 1st period - Brett Seney wins face-off versus Anthony Richard in Thunderbirds zone.
17:04 of 1st period - Icing by Jeremy Lauzon.
17:05 of 1st period - Noah Gregor wins face-off versus Nicolas Roy in Thunderbirds zone.
17:42 of 1st period - Slapshot by Jeremy Lauzon.
17:42 of 1st period - Shot Blocked by Christian Wolanin.
18:08 of 1st period - Slapshot by Rourke Chartier.
18:08 of 1st period - Stopped by Akira Schmid with a rebound.
18:27 of 1st period - Snap shot by Christian Wolanin.
18:27 of 1st period - Stopped by Marc-André Fleury with a rebound.
18:29 of 1st period - Snap shot by Ilya Lyubushkin.
18:29 of 1st period - Deflect By David Kase.
18:29 of 1st period - Shot Blocked by Dylan Sikura.
18:29 of 1st period - Puck is out of play.
18:30 of 1st period - Rourke Chartier wins face-off versus Conor Garland in Thunderbirds zone.
19:21 of 1st period - Slapshot by Jake Bean.
19:21 of 1st period - Deflect By David Kase.
19:21 of 1st period - Shot Misses the Net.
19:21 of 1st period - Puck is out of play.
19:22 of 1st period - Rourke Chartier wins face-off versus Nikita Nesterenko in Thunderbirds zone.
19:37 of 1st period - Wrist shot by Joachim Blichfeld.
19:37 of 1st period - Shot Misses the Net.
19:39 of 1st period - Slapshot by Joachim Blichfeld.
19:39 of 1st period - Stopped by Akira Schmid without a rebound.
19:40 of 1st period - Brett Seney wins face-off versus Anthony Richard in Comets zone.
19:40 of 1st period - Brett Seney is hit by Anthony Richard.
19:52 of 1st period - Slapshot by Brett Seney.
19:52 of 1st period - Stopped by Marc-André Fleury without a rebound.
19:53 of 1st period - Rourke Chartier wins face-off versus Brett Seney in Thunderbirds zone.
Goals for this period are 0 for Thunderbirds vs 0 for Comets.
Shots for this period are 5 for Thunderbirds vs 14 for Comets.
2nd period
0:01 of 2nd period - Rourke Chartier wins face-off versus Brett Seney in neutral zone.
0:15 of 2nd period - Minor Penalty to Brett Seney for Holding.
0:16 of 2nd period - Rourke Chartier wins face-off versus Nicolas Roy in Comets zone.
0:16 of 2nd period - Wrist shot by Joachim Blichfeld.
0:16 of 2nd period - Shot Misses the Net.
2:15 of 2nd period - Penalty to Brett Seney is over, Brett Seney is back on ice.
2:24 of 2nd period - Henri Jokiharju is hit by Brett Seney.
2:49 of 2nd period - Off-side.
2:50 of 2nd period - Nikita Nesterenko wins face-off versus Noah Gregor in neutral zone.
2:59 of 2nd period - Ilya Lyubushkin is hit by Dylan Sikura and loses puck.
3:14 of 2nd period - Brett Seney is hit by Dylan Blujus and loses puck.
3:49 of 2nd period - Snap shot by Emil Bemstrom.
3:49 of 2nd period - Stopped by Akira Schmid without a rebound.
3:50 of 2nd period - Nicolas Roy wins face-off versus Noah Gregor in Comets zone.
3:57 of 2nd period - Wrist shot by Alexandre Texier.
3:57 of 2nd period - Shot Misses the Net.
3:59 of 2nd period - Slapshot by Christian Wolanin.
3:59 of 2nd period - Stopped by Marc-André Fleury with a rebound.
4:05 of 2nd period - Backhand shot by Alexandre Texier.
4:05 of 2nd period - Shot Misses the Net.
5:20 of 2nd period - Wrist shot by Cristiano Digiacinto.
5:20 of 2nd period - Stopped by Marc-André Fleury with a rebound.
5:22 of 2nd period - Snap shot by David Kase.
5:22 of 2nd period - Stopped by Marc-André Fleury with a rebound.
5:24 of 2nd period - Slapshot by Vincent Desharnais.
5:24 of 2nd period - Shot Blocked by Noah Gregor.
5:26 of 2nd period - Slapshot by Vincent Desharnais.
5:26 of 2nd period - Deflect By Emil Bemstrom.
5:26 of 2nd period - Stopped by Marc-André Fleury with a rebound.
5:28 of 2nd period - Wrist shot by Cristiano Digiacinto.
5:28 of 2nd period - Goal by Cristiano Digiacinto - Thunderbirds : 0 - Comets : 1.
5:29 of 2nd period - Rourke Chartier wins face-off versus Brett Seney in neutral zone.
6:08 of 2nd period - Dylan Blujus is hit by Christian Wolanin and loses puck.
6:21 of 2nd period - Slapshot by Nicolas Roy.
6:21 of 2nd period - Stopped by Marc-André Fleury with a rebound.
6:23 of 2nd period - Wrist shot by Eeli Tolvanen.
6:23 of 2nd period - Stopped by Marc-André Fleury without a rebound.
6:24 of 2nd period - Anthony Richard wins face-off versus Nicolas Roy in Thunderbirds zone.
6:33 of 2nd period - Wyatt Kalynuk is hit by Michael Rasmussen and loses puck.
7:00 of 2nd period - Wrist shot by Anthony Richard.
7:00 of 2nd period - Stopped by Akira Schmid with a rebound.
7:02 of 2nd period - Slapshot by Dylan Sikura.
7:02 of 2nd period - Stopped by Akira Schmid with a rebound.
7:09 of 2nd period - Slapshot by Michael Rasmussen.
7:09 of 2nd period - Stopped by Akira Schmid with a rebound.
8:11 of 2nd period - Snap shot by Alexandre Texier.
8:11 of 2nd period - Stopped by Marc-André Fleury with a rebound.
8:17 of 2nd period - Snap shot by Alexandre Texier.
8:17 of 2nd period - Shot Blocked by Dylan Sikura.
8:19 of 2nd period - Snap shot by Nicolas Roy.
8:19 of 2nd period - Stopped by Marc-André Fleury with a rebound.
8:21 of 2nd period - Slapshot by Wyatt Kalynuk.
8:21 of 2nd period - Deflect By Anthony Richard.
8:21 of 2nd period - Stopped by Marc-André Fleury without a rebound.
8:22 of 2nd period - Brett Seney wins face-off versus Joachim Blichfeld in Thunderbirds zone.
8:23 of 2nd period - Snap shot by Joonas Donskoi.
8:23 of 2nd period - Stopped by Marc-André Fleury with a rebound.
9:09 of 2nd period - Vincent Desharnais is hit by Paul Cotter and loses puck.
9:28 of 2nd period - Wrist shot by Joonas Donskoi.
9:28 of 2nd period - Shot Misses the Net.
9:40 of 2nd period - Henri Jokiharju is hit by Ilya Lyubushkin and loses puck.
10:09 of 2nd period - Rourke Chartier is hit by Filip Roos and loses puck.
10:46 of 2nd period - Cristiano Digiacinto is hit by Trey Fix-Wolansky and loses puck.
12:21 of 2nd period - Christian Wolanin is hit by Anthony Richard and loses puck.
12:29 of 2nd period - Dylan Blujus is hit by Ilya Lyubushkin and loses puck.
13:41 of 2nd period - Mason Marchment is hit by Dylan Sikura and loses puck.
13:52 of 2nd period - Henri Jokiharju is hit by Joonas Donskoi and loses puck.
13:53 of 2nd period - Henri Jokiharju from Thunderbirds is injured at 13:53 of 2nd period (Bruised Left Shoulder).
13:54 of 2nd period - Rourke Chartier wins face-off versus Brett Seney in Thunderbirds zone.
13:54 of 2nd period - Rourke Chartier is hit by Valeri Nichushkin.
14:00 of 2nd period - Snap shot by Valeri Nichushkin.
14:00 of 2nd period - Stopped by Marc-André Fleury with a rebound.
14:02 of 2nd period - Slapshot by Christian Wolanin.
14:02 of 2nd period - Stopped by Marc-André Fleury with a rebound.
14:04 of 2nd period - Wrist shot by Christian Wolanin.
14:04 of 2nd period - Stopped by Marc-André Fleury without a rebound.
14:05 of 2nd period - Rourke Chartier wins face-off versus Brett Seney in Thunderbirds zone.
15:08 of 2nd period - Off-side.
15:09 of 2nd period - Rasmus Kupari wins face-off versus Brett Seney in neutral zone.
15:20 of 2nd period - Wrist shot by Rasmus Kupari.
15:20 of 2nd period - Stopped by Akira Schmid without a rebound.
15:21 of 2nd period - Brett Seney wins face-off versus Rourke Chartier in Comets zone.
15:30 of 2nd period - Wrist shot by Rourke Chartier.
15:30 of 2nd period - Stopped by Akira Schmid with a rebound.
15:32 of 2nd period - Snap shot by Pierre Engvall.
15:32 of 2nd period - Deflect By Joachim Blichfeld.
15:32 of 2nd period - Deflect By Brett Seney.
15:32 of 2nd period - Stopped by Akira Schmid with a rebound.
15:55 of 2nd period - Wrist shot by Alexandre Texier.
15:55 of 2nd period - Shot Blocked by Dylan Sikura.
15:57 of 2nd period - Snap shot by Eeli Tolvanen.
15:57 of 2nd period - Stopped by Marc-André Fleury without a rebound.
15:58 of 2nd period - Rourke Chartier wins face-off versus Brett Seney in Thunderbirds zone.
16:07 of 2nd period - Wrist shot by Joachim Blichfeld.
16:07 of 2nd period - Stopped by Akira Schmid without a rebound.
16:08 of 2nd period - Rourke Chartier wins face-off versus Brett Seney in Comets zone.
16:11 of 2nd period - Backhand shot by Rourke Chartier.
16:11 of 2nd period - Shot Blocked by Joonas Donskoi.
16:13 of 2nd period - Wrist shot by Rourke Chartier.
16:13 of 2nd period - Shot Blocked by Wyatt Kalynuk.
16:15 of 2nd period - Wrist shot by Rourke Chartier.
16:15 of 2nd period - Stopped by Akira Schmid with a rebound.
16:17 of 2nd period - Wrist shot by Frederic Allard.
16:17 of 2nd period - Stopped by Akira Schmid with a rebound.
16:27 of 2nd period - Snap shot by Pierre Engvall.
16:27 of 2nd period - Goal by Pierre Engvall - Thunderbirds : 1 - Comets : 1.
16:28 of 2nd period - Brett Seney wins face-off versus Rourke Chartier in neutral zone.
17:02 of 2nd period - Wrist shot by Conor Garland.
17:02 of 2nd period - Stopped by Marc-André Fleury without a rebound.
17:03 of 2nd period - Brett Seney wins face-off versus Rourke Chartier in Thunderbirds zone.
17:18 of 2nd period - Snap shot by Joachim Blichfeld.
17:18 of 2nd period - Stopped by Akira Schmid with a rebound.
17:47 of 2nd period - Wrist shot by Nicolas Roy.
17:47 of 2nd period - Shot Blocked by Matt Roy.
17:51 of 2nd period - Backhand shot by Nicolas Roy.
17:51 of 2nd period - Stopped by Marc-André Fleury without a rebound.
17:52 of 2nd period - Noah Gregor wins face-off versus Brett Seney in Thunderbirds zone.
17:52 of 2nd period - Noah Gregor is hit by Brett Seney.
18:09 of 2nd period - Minor Penalty to Frederic Allard for Holding.
18:10 of 2nd period - Noah Gregor wins face-off versus Brett Seney in Thunderbirds zone.
19:21 of 2nd period - Sami Niku is hit by Joonas Donskoi and loses puck.
Goals for this period are 1 for Thunderbirds vs 1 for Comets.
Shots for this period are 12 for Thunderbirds vs 17 for Comets.
3rd period
0:01 of 3rd period - Brett Seney wins face-off versus Noah Gregor in neutral zone.
0:09 of 3rd period - Penalty to Frederic Allard is over, Frederic Allard is back on ice.
0:11 of 3rd period - Icing by Frederic Allard.
0:12 of 3rd period - Noah Gregor wins face-off versus Brett Seney in Thunderbirds zone.
1:01 of 3rd period - Slapshot by Valeri Nichushkin.
1:01 of 3rd period - Shot Misses the Net.
1:07 of 3rd period - Snap shot by Jeremy Lauzon.
1:07 of 3rd period - Stopped by Akira Schmid without a rebound.
1:08 of 3rd period - Anthony Richard wins face-off versus Brett Howden in Comets zone.
1:53 of 3rd period - Icing by Alexandre Texier.
1:54 of 3rd period - Rourke Chartier wins face-off versus Nikita Nesterenko in Comets zone.
1:57 of 3rd period - Wrist shot by Rourke Chartier.
1:57 of 3rd period - Shot Misses the Net.
1:59 of 3rd period - Wrist shot by Joachim Blichfeld.
1:59 of 3rd period - Stopped by Akira Schmid without a rebound.
2:00 of 3rd period - Anthony Richard wins face-off versus Cristiano Digiacinto in Comets zone.
2:01 of 3rd period - Slapshot by Michael Rasmussen.
2:01 of 3rd period - Deflect By Dylan Sikura.
2:01 of 3rd period - Stopped by Akira Schmid with a rebound.
2:31 of 3rd period - Ilya Lyubushkin is hit by Joachim Blichfeld.
3:42 of 3rd period - Off-side.
3:43 of 3rd period - Brett Seney wins face-off versus Rourke Chartier in neutral zone.
3:54 of 3rd period - Snap shot by Valeri Nichushkin.
3:54 of 3rd period - Stopped by Marc-André Fleury with a rebound.
4:18 of 3rd period - Icing by Vincent Desharnais.
4:19 of 3rd period - Brett Howden wins face-off versus Rourke Chartier in Comets zone.
4:57 of 3rd period - Snap shot by Brett Howden.
4:57 of 3rd period - Deflect By Mason Marchment.
4:57 of 3rd period - Shot Misses the Net.
4:57 of 3rd period - Puck is out of play.
4:58 of 3rd period - Brett Seney wins face-off versus Anthony Richard in Thunderbirds zone.
5:20 of 3rd period - Icing by Joonas Donskoi.
5:21 of 3rd period - Noah Gregor wins face-off versus Brett Seney in Comets zone.
5:24 of 3rd period - Backhand shot by Joachim Blichfeld.
5:24 of 3rd period - Stopped by Akira Schmid with a rebound.
5:26 of 3rd period - Snap shot by Frederic Allard.
5:26 of 3rd period - Stopped by Akira Schmid with a rebound.
5:28 of 3rd period - Slapshot by Pierre Engvall.
5:28 of 3rd period - Stopped by Akira Schmid without a rebound.
5:29 of 3rd period - Rourke Chartier wins face-off versus Brett Howden in Comets zone.
5:40 of 3rd period - Snap shot by Brett Howden.
5:40 of 3rd period - Shot Misses the Net.
5:42 of 3rd period - Slapshot by Ilya Lyubushkin.
5:42 of 3rd period - Stopped by Marc-André Fleury with a rebound.
5:44 of 3rd period - Slapshot by Christian Wolanin.
5:44 of 3rd period - Shot Misses the Net.
6:00 of 3rd period - Slapshot by Dylan Sikura.
6:00 of 3rd period - Shot Misses the Net.
6:12 of 3rd period - Minor Penalty to Michael Rasmussen for Hooking.
6:13 of 3rd period - Brett Seney wins face-off versus Noah Gregor in Thunderbirds zone.
6:14 of 3rd period - Wrist shot by Joonas Donskoi.
6:14 of 3rd period - Goal by Joonas Donskoi - Thunderbirds : 1 - Comets : 2.
6:15 of 3rd period - Rourke Chartier wins face-off versus Brett Seney in neutral zone.
6:42 of 3rd period - Mason Marchment is hit by Anthony Richard and loses puck.
7:30 of 3rd period - Wrist shot by Valeri Nichushkin.
7:30 of 3rd period - Shot Blocked by Dylan Blujus.
7:51 of 3rd period - Snap shot by Rourke Chartier.
7:51 of 3rd period - Shot Blocked by Jake Bean.
8:44 of 3rd period - Snap shot by Rourke Chartier.
8:44 of 3rd period - Stopped by Akira Schmid with a rebound.
8:46 of 3rd period - Slapshot by Sami Niku.
8:46 of 3rd period - Shot Blocked by Filip Roos.
8:48 of 3rd period - Snap shot by Sami Niku.
8:48 of 3rd period - Stopped by Akira Schmid with a rebound.
8:50 of 3rd period - Snap shot by Pierre Engvall.
8:50 of 3rd period - Stopped by Akira Schmid with a rebound.
9:34 of 3rd period - Wrist shot by Michael Rasmussen.
9:34 of 3rd period - Stopped by Akira Schmid without a rebound.
9:35 of 3rd period - Anthony Richard wins face-off versus Brett Seney in Comets zone.
9:48 of 3rd period - Snap shot by Joonas Donskoi.
9:48 of 3rd period - Stopped by Marc-André Fleury without a rebound.
9:49 of 3rd period - Brett Seney wins face-off versus Rourke Chartier in Thunderbirds zone.
10:02 of 3rd period - Joonas Donskoi is hit by Jeremy Lauzon.
10:16 of 3rd period - Snap shot by Conor Garland.
10:16 of 3rd period - Shot Blocked by Dylan Sikura.
10:18 of 3rd period - Snap shot by Brett Howden.
10:18 of 3rd period - Stopped by Marc-André Fleury with a rebound.
11:18 of 3rd period - Dylan Blujus is hit by Wyatt Kalynuk and loses puck.
11:39 of 3rd period - Snap shot by Anthony Richard.
11:39 of 3rd period - Shot Blocked by Wyatt Kalynuk.
12:19 of 3rd period - Snap shot by Joonas Donskoi.
12:19 of 3rd period - Stopped by Marc-André Fleury with a rebound.
12:21 of 3rd period - Snap shot by Joonas Donskoi.
12:21 of 3rd period - Stopped by Marc-André Fleury without a rebound.
12:22 of 3rd period - Mason Marchment wins face-off versus Rourke Chartier in Thunderbirds zone.
12:27 of 3rd period - Wrist shot by Mason Marchment.
12:27 of 3rd period - Stopped by Marc-André Fleury with a rebound.
13:41 of 3rd period - Wrist shot by David Kase.
13:41 of 3rd period - Deflect By Nikita Nesterenko.
13:41 of 3rd period - Goal by Nikita Nesterenko - Thunderbirds : 1 - Comets : 3.
13:42 of 3rd period - Brett Seney wins face-off versus Rourke Chartier in neutral zone.
14:07 of 3rd period - Conor Garland is hit by Michael Rasmussen and loses puck.
14:52 of 3rd period - Slapshot by Jeremy Lauzon.
14:52 of 3rd period - Deflect By Trey Fix-Wolansky.
14:52 of 3rd period - Goal by Trey Fix-Wolansky - Thunderbirds : 2 - Comets : 3.
14:53 of 3rd period - Brett Seney wins face-off versus Rourke Chartier in neutral zone.
15:09 of 3rd period - Icing by Frederic Allard.
15:10 of 3rd period - Nicolas Roy wins face-off versus Rourke Chartier in Thunderbirds zone.
15:55 of 3rd period - Icing by Christian Wolanin.
15:56 of 3rd period - Conor Garland wins face-off versus Anthony Richard in Comets zone.
15:56 of 3rd period - Conor Garland is hit by Anthony Richard.
16:04 of 3rd period - Slapshot by Dylan Sikura.
16:04 of 3rd period - Shot Blocked by Ilya Lyubushkin.
16:08 of 3rd period - Wrist shot by Dylan Sikura.
16:08 of 3rd period - Shot Misses the Net.
16:10 of 3rd period - Wrist shot by Michael Rasmussen.
16:10 of 3rd period - Shot Misses the Net.
16:12 of 3rd period - Slapshot by Anthony Richard.
16:12 of 3rd period - Stopped by Akira Schmid with a rebound.
17:01 of 3rd period - Emil Bemstrom is hit by Alexandre Texier and loses puck.
17:10 of 3rd period - Snap shot by Emil Bemstrom.
17:10 of 3rd period - Stopped by Akira Schmid with a rebound.
17:12 of 3rd period - Minor Penalty to Joonas Donskoi for Slashing.
17:13 of 3rd period - Nicolas Roy wins face-off versus Rourke Chartier in Comets zone.
17:13 of 3rd period - Nicolas Roy is hit by Michael Rasmussen.
17:29 of 3rd period - Slapshot by Jeremy Lauzon.
17:29 of 3rd period - Shot Misses the Net.
17:49 of 3rd period - Off-side.
17:50 of 3rd period - Rourke Chartier wins face-off versus Brett Howden in neutral zone.
18:49 of 3rd period - Christian Wolanin is hit by Joachim Blichfeld and loses puck.
19:12 of 3rd period - Penalty to Joonas Donskoi is over, Joonas Donskoi is back on ice.
19:24 of 3rd period - Wrist shot by Brett Seney.
19:24 of 3rd period - Stopped by Marc-André Fleury with a rebound.
19:38 of 3rd period - Slapshot by Brett Seney.
19:38 of 3rd period - Stopped by Marc-André Fleury with a rebound.
19:40 of 3rd period - Slapshot by Valeri Nichushkin.
19:40 of 3rd period - Stopped by Marc-André Fleury without a rebound.
19:41 of 3rd period - Teemu Selanne call a timeout for Thunderbirds.
19:41 of 3rd period - Brett Seney wins face-off versus Rourke Chartier in Thunderbirds zone.
19:42 of 3rd period - Backhand shot by Conor Garland.
19:42 of 3rd period - Shot Misses the Net.
19:44 of 3rd period - Snap shot by Ilya Lyubushkin.
19:44 of 3rd period - Stopped by Marc-André Fleury without a rebound.
19:44 of 3rd period - Minor Penalty to Marc-André Fleury for Delaying the game.
19:45 of 3rd period - Noah Gregor wins face-off versus Valeri Nichushkin in Thunderbirds zone.
Goals for this period are 1 for Thunderbirds vs 2 for Comets.
Shots for this period are 13 for Thunderbirds vs 13 for Comets.